 Dungeon Crawl Stone Soup version 0.28.0 (webtiles) character file.

Game seed: 12748403453061096933

4365 Ayyar the Cleaver (level 10, -14/94 HPs)
             Began as a Minotaur Berserker on Feb 11, 2022.
             Was an Elder of Trog.
             Demolished by Harold (26 damage)
             ... on level 7 of the Dungeon on Feb 16, 2022.
             The game lasted 00:27:33 (6727 turns).

Ayyar the Cleaver (Minotaur Berserker)              Turns: 6727, Time: 00:27:33

Health: -14/94     AC: 13    Str: 26    XL:     10   Next: 13%
Magic:  9/9        EV:  9    Int:  4    God:    Trog [****..]
Gold:   416        SH:  0    Dex: 10    Spells: 9/9 levels left

rFire   + + .      SeeInvis .   a - +1 hand axe (vorpal)
rCold   . . .      Faith    .   (no shield)
rNeg    . . .      Spirit   .   C - +2 chain mail {rF+}
rPois   .          Reflect  .   (helmet restricted)
rElec   .          Harm     .   j - +0 cloak
rCorr   +          Rampage  .   z - +0 pair of gloves
Will    .....                   (no boots)
Stlth   ..........              (no amulet)
HPRegen 0.25/turn               n - ring of protection from fire
MPRegen 0.11/turn               u - ring of resist corrosion

@: hasted, very quick
A: horns 2, retaliatory headbutt
a: Renounce Religion, Berserk, Trog's Hand, Brothers in Arms


You were on level 7 of the Dungeon.
You worshipped Trog.
Trog was greatly pleased with you.
You visited 2 branches of the dungeon, and saw 9 of its levels.

You collected 416 gold pieces.

Inventory:

Hand Weapons
 a - a +1 vorpal hand axe (weapon)
 b - the +9 hunting sling of Xorioh {venom, rN++ Will+ Dex+6}
   (You found it on level 3 of the Dungeon)

   Any ammunition fired from it poisons the flesh of those it strikes.
   Dex:       It affects your dexterity (+6).
   rN:        It greatly protects you from negative energy.
   Will:      It increases your willpower.
Missiles
 o - 93 stones (quivered)
 p - 52 sling bullets
 v - a throwing net
Armour
 j - a +0 cloak (worn)
 z - a +0 pair of gloves (worn)
 C - a +2 chain mail of fire resistance (worn)
Jewellery
 n - a ring of protection from fire (left hand)
 s - a ring of protection from fire
 u - a ring of resist corrosion (right hand)
 H - a ring of fire
Wands
 w - a wand of flame (16)
 E - a wand of iceblast (6)
 F - a wand of acid (5)
Scrolls
 e - 4 scrolls of identify {unknown}
 f - 3 scrolls of enchant weapon {unknown}
 h - a scroll of vulnerability {unknown}
 i - a scroll of immolation {unknown}
 k - 2 scrolls of noise {unknown}
 l - a scroll of amnesia {unknown}
 r - a scroll of silence {unknown}
 y - a scroll of fog {unknown}
 B - a scroll of teleportation {unknown}
 D - a scroll of enchant armour {unknown}
Potions
 c - 2 potions of flight {unknown}
 d - a potion of ambrosia {unknown}
 g - 2 potions of haste
 m - a potion of resistance {unknown}
 q - a potion of berserk rage {unknown}
 t - a potion of magic {unknown}
 x - a potion of curing {unknown}
 A - a potion of heal wounds {unknown}
 G - 2 potions of mutation {unknown}
 I - a potion of might {unknown}


   Skills:
 + Level 10.7 Fighting
 + Level 11.1 Axes
 + Level 8.7 Slings
 - Level 3.0 Armour
 - Level 3.0 Dodging


You had 9 spell levels left.
You didn't know any spells.
Your spell library was empty.

Dungeon Overview and Level Annotations

Branches:
Dungeon (8/15)             Temple (1/1) D:6
   Lair: D:8-11

Altars:
Hepliaklqana
Vehumet

Shops:
D:1 (

Annotations:
D:7 Harold


Innate Abilities, Weirdness & Mutations

You have a pair of horns on your head.
You reflexively headbutt those who attack you in melee.


Message History

Trog accepts your kill. The orc hits you but does no damage.
Harold hits you but does no damage.
The orc priest invokes the aid of Beogh against you.
Beogh smites you!
There is a stone staircase leading up here.
You see here a throwing net.
Harold completely misses you. You furiously retaliate!
You headbutt Harold.
The orc priest mumbles some strange prayers to Beogh against you.
Beogh smites you!
You climb upwards.
There is a stone staircase leading down here.
You fail to use your ability.
The orc hits you but does no damage.
Harold says, "I was hoping my final job would be more of a challenge, but money is money."
Harold hits you with a +0 battleaxe!
* * * LOW HITPOINT WARNING * * *
It was a potion of haste.
You feel yourself speed up. The orc hits you but does no damage.
Harold completely misses you. You furiously retaliate!
You headbutt Harold.
Do you really want to go berserk while wielding the +9 hunting sling of Xorioh {venom, rN++ Will+ Dex+6}? [Y]es or [N]o only, please.
Do you really want to go berserk while wielding the +9 hunting sling of Xorioh {venom, rN++ Will+ Dex+6}? [Y]es or [N]o only, please.
Do you really want to go berserk while wielding the +9 hunting sling of Xorioh {venom, rN++ Will+ Dex+6}?
Okay, then.
The +9 hunting sling of Xorioh {venom, rN++ Will+ Dex+6} stops dripping with poison.
a - a +1 vorpal hand axe (weapon)
You completely miss Harold. You headbutt Harold. Your punch misses Harold.
Harold is moderately wounded.
You barely miss the orc. The orc hits you but does no damage.
Harold hits you with a +0 battleaxe.
* * * LOW HITPOINT WARNING * * *
You hit Harold but do no damage. You headbutt Harold!
Harold is moderately wounded.
You barely miss the orc. You barely miss Harold.
Harold is moderately wounded.
You barely miss the orc. The orc hits you with a +0 whip.
* * * LOW HITPOINT WARNING * * *
Harold hits you with a +0 battleaxe!!
You die...

#..........#
#.########.# #.# #.#
###########.# #.#
#...........# #.#
#.##################.#
#....................#
#..###################
#..# ####.@@....# #..#
#....o.##..# #..#
####<#.#...# #..#
#.#.#...#
####..########.#.#...#
...............#.#####
.####..........#.#
.#..#...######.#.#
.#..#..........#.#


You could see Harold and an orc.

Vanquished Creatures
  Maggie (D:7)
  Sigmund (D:4)
  2 wyverns
  A wraith (D:6)
  2 steam dragons
  2 water moccasins
  3 orc warriors
  2 sky beasts
  2 ice beasts
  A necrophage (D:5)
  A hornet zombie (D:7)
  4 ogres
  3 centaurs
  4 bullfrogs
  6 scorpions
  A wyvern skeleton (D:7)
  A water moccasin skeleton (D:6)
  A centaur zombie (D:7)
  A bullfrog zombie (D:6)
  A jelly (D:5)
  2 orc priests
  7 hounds
  3 centaur skeletons
  Crazy Yiuf (D:5)
  A bullfrog skeleton (D:6)
  6 iguanas
  2 orc wizards
  A scorpion zombie (D:5)
  A hound zombie (D:5)
  A howler monkey zombie (D:7)
  A howler monkey skeleton (D:5)
  10 adders
  An adder zombie (D:5)
  2 worms (D:2)
  5 dart slugs
  17 orcs
  8 ball pythons
  A bat (D:2)
  12 endoplasms
  2 giant cockroaches
  22 goblins
  10 hobgoblins
  4 quokkas
  A frilled lizard (D:1)
  7 kobolds
  4 rats
172 creatures vanquished.

Vanquished Creatures (others)
  3 plants (D:5)
3 creatures vanquished.

Grand Total: 175 creatures vanquished

Notes
Turn   | Place    | Note
-------+----------+-------------------------------------------
     0 | D:1      | Ayyar the Minotaur Berserker began the quest for the Orb.
     0 | D:1      | Reached XP level 1. HP: 19/19 MP: 0/0
   276 | D:1      | Reached XP level 2. HP: 27/27 MP: 1/1
   362 | D:1      | Reached skill level 4 in Axes
   378 | D:1      | Found a faded altar of an unknown god.
   497 | D:1      | Reached ** piety under Trog
   513 | D:1      | Found Utwe's Antique Weapon Emporium.
   577 | D:1      | Reached XP level 3. HP: 32/33 MP: 2/2
   941 | D:2      | Found a hazy altar of Hepliaklqana.
  1210 | D:2      | Reached XP level 4. HP: 40/40 MP: 3/3
  1773 | D:3      | Reached skill level 5 in Axes
  2082 | D:3      | Reached XP level 5. HP: 47/47 MP: 4/4
  2154 | D:3      | Identified the +9 hunting sling of Xorioh {venom, rN++
                  | Will+ Dex+6}
  2285 | D:3      | Reached *** piety under Trog
  2571 | D:4      | Noticed Sigmund
  2573 | D:4      | Noticed an ogre
  2579 | D:4      | Killed an ogre
  2580 | D:4      | Reached skill level 5 in Fighting
  2580 | D:4      | Reached skill level 6 in Axes
  2580 | D:4      | Reached skill level 1 in Slings
  2580 | D:4      | Reached XP level 6. HP: 56/56 MP: 5/5
  2582 | D:4      | Killed Sigmund
  2666 | D:4      | Noticed a sky beast
  2676 | D:4      | Killed a sky beast
  2677 | D:4      | Reached XP level 7. HP: 56/63 MP: 6/6
  2852 | D:4      | Reached skill level 7 in Axes
  3224 | D:5      | Entered Level 5 of the Dungeon
  3477 | D:5      | Reached XP level 8. HP: 69/73 MP: 7/7
  3646 | D:5      | Reached skill level 8 in Axes
  3734 | D:5      | Found a hazy altar of Hepliaklqana.
  3757 | D:5      | Reached skill level 5 in Slings
  3799 | D:5      | Reached **** piety under Trog
  4001 | D:5      | Found a runed translucent door.
  4002 | D:5      | Noticed Crazy Yiuf
  4043 | D:5      | Killed Crazy Yiuf
  4218 | D:5      | Reached skill level 9 in Axes
  4598 | D:6      | Found a staircase to the Ecumenical Temple.
  4607 | Temple   | Entered the Ecumenical Temple
  4646 | D:6      | Reached XP level 9. HP: 82/82 MP: 8/8
  5117 | D:6      | Reached skill level 10 in Axes
  5581 | D:7      | Noticed Maggie
  5591 | D:7      | Killed Maggie
  5592 | D:7      | Reached skill level 10 in Fighting
  6314 | D:7      | Found a radiant altar of Vehumet.
  6329 | D:7      | Reached XP level 10. HP: 93/94 MP: 9/9
  6338 | D:7      | Reached skill level 11 in Axes
  6707 | D:8      | Noticed Harold
  6727 | D:7      | Demolished by Harold

Illustrated notes

Levels and vault maps discovered:
D:1:      dpeg_arrival_arbitrary_b, layout_loops_ring,
          shapermc_ecumenical_altar_starsandcircs, serial_shops,
          nicolae_shop_temple_entry_statues_fountains
D:2:      layout_basic, basic_altar, minmay_tetromino_i2
D:3:      cheibrodos_greedy_goblins, layout_loops_ring
D:4:      nicolae_cairo_tiling, layout_basic, uniq_sigmund
D:5:      minmay_chambers_of_threes, layout_basic,
          nicolae_hepliaklqana_hazy_memory, hangedman_abyss_or_decor_slice,
          uniq_crazy_yiuf_cottage
D:6:      layout_cave_pods, minmay_temple_entry_drinking_statues, serial_glass,
          glass_columns_a, glass_columns_b, glass_columns_b, glass_columns_b,
          glass_columns_a, glass_columns_a
D:7:      layout_basic, serial_aquarium, aquarium_bridge_long_joined
          [aquarium_subvault_bridge, aquarium_subvault_bridge,
          aquarium_subvault_bridge, aquarium_subvault_window,
          aquarium_subvault_balcony, aquarium_subvault_window],
          aquarium_bridge_straight [aquarium_subvault_bridge,
          aquarium_subvault_wall, aquarium_subvault_bridge,
          aquarium_subvault_balcony], aquarium_window_fake,
          aquarium_window_corner, aquarium_view_2c, aquarium_view_2a,
          aquarium_pool_1, minmay_ruined_shrine, uniq_maggie
D:8:      layout_cave_pools, uniq_harold
Temple:   mainiacjoe_temple_starburst

Skill      XL: |  1  2  3  4  5  6  7  8  9 10 |
---------------+-------------------------------+-----
Axes           | 4 5 6 7 9 10 11 | 11.1
Fighting       | 4 5 6 7 8 10 | 10.7
Armour         | 3 |  3.0
Dodging        | 3 |  3.0
Slings         | 1 3 4 6 8 |  8.7

Action                   |  1- 3 |  4- 6 |  7- 9 | 10-12 || total
-------------------------+-------+-------+-------+-------++-------
Melee: Hand axe          |    87 |    84 |     3 |     3 ||   177
       Headbutt          |     9 |    11 |     1 |     2 ||    23
       Punch             |       |     1 |       |       ||     1
 Fire: Hunting sling     |       |    25 |   260 |    18 ||   303
Invok: Berserk           |     1 |     1 |     1 |       ||     3
  Use: Potion            |       |       |       |     1 ||     1
 Stab: Sleeping          |     1 |       |       |       ||     1
Armor: Animal skin       |     5 |       |       |       ||     5
       Ring mail         |     5 |       |       |       ||     5
       Chain mail        |    14 |    51 |    39 |     7 ||   111
Dodge: Dodged            |    34 |    33 |    32 |     5 ||   104
